 Dungeon Crawl Stone Soup version 0.23.0-3-gf3c87f2 (webtiles) character file.

Game seed: 15855525292745203008

1575 Inarius the Poker (level 8, -3/67 HPs)
             Began as a Centaur Conjurer on Feb 21, 2019.
             Was a Believer of Makhleb.
             Slain by a centaur warrior (5 damage)
             ... on level 8 of the Dungeon.
             The game lasted 00:13:10 (6705 turns).

Inarius the Poker (Centaur Conjurer)                Turns: 6705, Time: 00:13:10

Health: -3/67      AC:  9    Str: 18    XL:     8   Next: 60%
Magic:  0/11       EV:  5    Int: 14    God:    Makhleb [**....]
Gold:   151        SH:  0    Dex: 10    Spells: 9/10 levels left

rFire    . . .     SeeInvis .   C - +2 spear (flame)
rCold    . . .     Gourm    .   (no shield)
rNeg     . . .     Faith    .   x - +0 chain mail
rPois    .         Spirit   +   (no helmet)
rElec    .         Reflect  .   D - +0 cloak
rCorr    .         Harm     .   (no gloves)
MR       .....                  (no barding)
Stlth    ..........             f - amulet of guardian spirit
HPRegen  0.21/turn              (no ring)
MPRegen  0.12/turn              (no ring)

@: mighty, very quick
A: large, hooves 3, deformed body, speed 2, tough skin 3
a: Minor Destruction, Renounce Religion


You were on level 8 of the Dungeon.
You worshipped Makhleb.
Makhleb was pleased with you.
You were not hungry.

You visited 1 branch of the dungeon, and saw 6 of its levels.
You also visited: Sewer.

You collected 151 gold pieces.

Inventory:

Hand Weapons
 i - a +2 dagger of draining
 l - a +0 halberd
 r - a +2 flail of crushing
 u - a +0 quarterstaff
 y - a +0 spear
 C - a +2 spear of flaming (weapon)
Missiles
 b - 71 arrows
Armour
 x - a +0 chain mail (worn)
 D - a +0 cloak (worn)
Jewellery
 f - an amulet of guardian spirit (around neck)
 h - an uncursed ring of fire
 o - a +2 amulet of reflection
Wands
 s - a wand of clouds (1)
Scrolls
 a - 2 scrolls of noise
 j - 6 scrolls of teleportation
 k - 2 scrolls of identify
 t - 3 scrolls of remove curse
 A - a scroll of magic mapping
 B - 3 scrolls of fear
 F - a scroll of blinking {unknown}
Potions
 d - a potion of ambrosia {unknown}
 e - 3 potions of flight
 m - a potion of cancellation {unknown}
 n - 3 potions of might
 p - a potion of lignification {unknown}
 q - 2 potions of brilliance {unknown}
 v - a potion of mutation {unknown}
 w - a potion of curing {unknown}
 z - a potion of resistance {unknown}
 E - a potion of degeneration {unknown}
Comestibles
 c - 11 rations


   Skills:
 + Level 4.8 Fighting
 - Level 1.0 Short Blades
 - Level 0.2(0.4) Maces & Flails
 * Level 5.0 Polearms
 - Level 0.6(3.2) Staves
 + Level 3.8 Armour
 + Level 2.1 Dodging
 - Level 1.1 Stealth
 - Level 0.1 Unarmed Combat
 - Level 1.5 Spellcasting
 - Level 3.6 Conjurations
 * Level 4.8 Invocations


You had 9 spell levels left.
You knew the following spells:

 Your Spells              Type           Power        Failure   Level  Hunger
a - Magic Dart            Conj           ##..         58%         1    ##.....

Your spell library contained the following spells:

 Spells                   Type           Power        Failure   Level  Hunger
 Searing Ray              Conj           ##....       73%         2    ###....
 Dazzling Spray           Conj/Hex       #.....       99%         3    ####...
 Force Lance              Conj/Tloc      #.......     100%        4    #####..
 Fulminant Prism          Conj/Hex       #.........   100%        4    #####..
 Iskenderun's Mystic Bla  Conj           ##......     100%        4    #####..


Dungeon Overview and Level Annotations

Branches:
Dungeon (5/15)             Temple (0/1) D:5            Lair (0/6) D:8

Altars:
Dithmenos
Makhleb
Ru

Annotations:
D:3 1 runed translucent door, Defined's ghost, novice GnWz


Innate Abilities, Weirdness & Mutations

You have hooves in place of feet.
Armour fits poorly on your strangely shaped body.
You cover ground very quickly.
You have extremely tough skin. (AC +3)


Message History

The centaur warrior is moderately wounded.
The centaur warrior hits you!
* * * LOW HITPOINT WARNING * * *
You hit the centaur warrior. You burn the centaur warrior.
You kick the centaur warrior.
The centaur warrior is heavily wounded.
The centaur warrior hits you!
* * * LOW HITPOINT WARNING * * *
The centaur warrior barely misses you.
You hit the centaur warrior. You burn the centaur warrior.
The centaur warrior is heavily wounded.
The centaur warrior hits you.
* * * LOW HITPOINT WARNING * * *
Okay, then.
Unknown command.
It was a potion of might.
You feel very mighty all of a sudden.
The centaur warrior hits you but does no damage.
The centaur warrior hits you.
You die...

*,* *,**** ###* *****###,*
*,********#####.., *,,,,,...*
*,,,,,,,,,,..##.#*
*,*#####.#################.##.#
*,,...........†).........#.##.##
*,,*######..#.##.#######.#......
*,,*,,,,,#.##.#†.#,,,,,#....#.#.
*,,*,***,#.##..#.#,*+*,#........
*,,*,+,*,+..#.#@c#,*,*,#....#...
#,,*,***,#.#...#.#,***,#.#.#####
#.,*,,,,,#.#..##÷#,,,,,#.#.# #
#..#######.#.#.#.#**+**#.#.#
#..........##*##....^...)#.#
#..##.#..##.#*,..###.##....#****
#.,#..#.#[...#,.#.,,,,......,,,,
#,,####..#####.#,#*,*##...##,,,*
*,,,*,##..,*,,#,*,,,,,...##,***,


You could see a centaur warrior.

Vanquished Creatures
  A vampire mosquito (D:8)
  A sky beast (D:8)
  2 ice beasts
  An orc warrior (D:8)
  A centaur (D:5)
  2 bullfrogs
  A killer bee (D:8)
  A howler monkey (D:8)
  A centaur zombie (D:5)
  2 hounds
  2 orc priests (D:5)
  5 orc wizards
  A bullfrog skeleton (D:5)
  An iguana (D:4)
  5 worker ants
  A hound zombie (D:5)
  A hound skeleton (D:4)
  12 gnolls
  13 adders
  An adder zombie (D:5)
  A worm (D:3)
  2 dart slugs
  5 leopard geckos
  6 orcs
  2 giant cockroaches
  6 goblins
  5 hobgoblins
  A jackal (D:1)
  7 kobolds
  6 ball pythons
  3 bats
  12 frilled lizards
  A leopard gecko zombie (D:5)
  9 rats
121 creatures vanquished.

Vanquished Creatures (others)
  3 plants (D:8)
3 creatures vanquished.

Grand Total: 124 creatures vanquished

Notes
Turn   | Place    | Note
-------+----------+-------------------------------------------
     0 | D:1      | Inarius the Centaur Conjurer began the quest for the Orb.
     0 | D:1      | Reached XP level 1. HP: 14/14 MP: 3/3
   351 | D:1      | Reached skill level 1 in Fighting
   415 | D:1      | Reached XP level 2. HP: 22/23 MP: 4/4
   928 | D:2      | Reached XP level 3. HP: 29/29 MP: 2/5
  1259 | D:2      | Found a sacrificial altar of Ru.
  1259 | D:2      | Found a shadowy altar of Dithmenos.
  1639 | D:2      | Found a burning altar of Makhleb.
  1708 | D:2      | Became a worshipper of Makhleb the Destroyer
  1955 | D:3      | Reached skill level 1 in Armour
  1955 | D:3      | Reached XP level 4. HP: 32/37 MP: 4/6
  2069 | D:3      | Reached skill level 1 in Invocations
  2177 | D:3      | Noticed a bullfrog
  2188 | D:3      | Killed a bullfrog
  2188 | D:3      | Reached XP level 5. HP: 45/45 MP: 7/7
  2541 | D:3      | Found a runed translucent door.
  2542 | D:3      | Noticed Defined's ghost (novice GnWz)
  2937 | D:3      | Reached * piety under Makhleb
  3590 | D:4      | Reached XP level 6. HP: 41/51 MP: 6/8
  4353 | D:4      | Reached skill level 1 in Short Blades
  4493 | D:5      | Entered Level 5 of the Dungeon
  4502 | D:5      | Noticed an ice beast
  4545 | D:4      | Killed an ice beast
  4832 | D:5      | Reached XP level 7. HP: 32/59 MP: 5/9
  5075 | D:5      | Found a glowing drain.
  5111 | Sewer    | Entered a sewer
  5143 | Sewer    | Reached skill level 1 in Polearms
  5262 | Sewer    | Reached ** piety under Makhleb
  5560 | D:5      | Reached skill level 2 in Polearms
  5857 | D:5      | Reached skill level 3 in Polearms
  6073 | D:5      | Found a staircase to the Ecumenical Temple.
  6110 | D:5      | Reached XP level 8. HP: 54/67 MP: 8/11
  6140 | D:5      | You fall through a shaft for 3 floors!
  6144 | D:8      | Noticed a death yak
  6371 | D:8      | Reached skill level 4 in Polearms
  6567 | D:8      | Reached skill level 5 in Polearms
  6683 | D:8      | Noticed a centaur warrior
  6704 | D:8      | HP: 2/67 [centaur warrior (4)]
  6705 | D:8      | Slain by a centaur warrior

Skill      XL: |  1  2  3  4  5  6  7  8 |
---------------+-------------------------+-----
Fighting       | 1 2 3 4 |  4.8
Armour         | 1 2 3 |  3.8
Invocations    | 1 3 4 |  4.8
Dodging        | 2 |  2.1
Short Blades   | 1 |  1.0
Polearms       | 3 5 |  5.0
Maces & Flails | |  0.2
Staves         | |  0.6
Stealth        | |  1.1
Unarmed Combat | |  0.1
Spellcasting   | |  1.5
Conjurations   | |  3.6

Action                   |  1- 3 |  4- 6 |  7- 9 || total
-------------------------+-------+-------+-------++-------
Melee: Whip              |    48 |       |       ||    48
       Unarmed           |     4 |       |       ||     4
       Kick              |    11 |    35 |    44 ||    90
       Quarterstaff      |    25 |    14 |       ||    39
       Dagger            |       |   153 |       ||   153
       Spear             |       |    23 |   161 ||   184
       Halberd           |       |       |   111 ||   111
 Cast: Magic Dart        |    22 |     1 |       ||    23
Evoke: Wand              |       |     7 |     1 ||     8
  Use: Scroll            |       |     8 |     2 ||    10
       Potion            |       |       |     1 ||     1
 Stab: Sleeping          |     1 |       |       ||     1
       Paralysed         |       |    13 |       ||    13
       Distracted        |       |       |     1 ||     1
  Eat: Chunk             |     3 |     7 |     7 ||    17
Armor: Robe              |     9 |       |       ||     9
       Ring mail         |    21 |     9 |       ||    30
       Chain mail        |       |   109 |   157 ||   266
Dodge: Dodged            |    31 |    34 |    59 ||   124
